 Dungeon Crawl Stone Soup version 0.22-a0-619-ga0c6fd2 (webtiles) character file.

131 Hebeh the Firebug (level 4, 0/24 HPs)
             Began as a Deep Elf Fire Elementalist on July 15, 2018.
             Slain by an adder (5 damage)
             ... on level 3 of the Dungeon.
             The game lasted 00:14:54 (3374 turns).

Hebeh the Firebug (Deep Elf Fire Elementalist)      Turns: 3374, Time: 00:14:55

Health: 0/24       AC:  2    Str:  5    XL:     4   Next: 91%
Magic:  18/21      EV: 13    Int: 21    God:
Gold:   184        SH:  0    Dex: 15    Spells: 1/11 levels left

rFire    . . .     SeeInvis .   a - +3 whip
rCold    . . .     Gourm    .   (no shield)
rNeg     . . .     Faith    .   j - +0 robe
rPois    .         Spirit   .   (no helmet)
rElec    .         Reflect  .   (no cloak)
rCorr    .         Harm     .   (no gloves)
MR       .....                  (no boots)
Stlth    ++........             (no amulet)
HPRegen  0.08/turn              l - ring of magical power
MPRegen  0.17/turn              (no ring)

@: lethally poisoned (0 -> -11)
A: no striking features
a: no special abilities


You were on level 3 of the Dungeon.
You were not hungry.

You visited 1 branch of the dungeon, and saw 3 of its levels.

You collected 184 gold pieces.

Inventory:

Hand Weapons
 a - a +3 whip (weapon)
 f - a +1 short sword of speed
 n - a cursed -2 dagger
Missiles
 g - 25 stones (quivered)
 k - 24 sling bullets
 m - 22 arrows
 q - 7 steel javelins
Armour
 j - a +0 robe (worn)
Jewellery
 l - a ring of magical power (left hand)
Scrolls
 b - a scroll of fear
 c - 10 scrolls of teleportation
 d - 5 scrolls of identify
 h - a scroll of immolation {unknown}
 i - a scroll of amnesia {unknown}
 s - a scroll of fog
Potions
 p - a potion of heal wounds {unknown}
 r - a potion of curing {unknown}
 u - a potion of agility {unknown}
Comestibles
 e - 3 rations
 v - 2 chunks of flesh


   Skills:
 - Level 2.4 Dodging
 - Level 2.4 Stealth
 + Level 4.2 Spellcasting
 * Level 3.8 Conjurations
 + Level 4.2 Fire Magic


You had one spell level left.
You knew the following spells:

 Your Spells              Type           Power        Failure   Level  Hunger
a - Flame Tongue          Conj/Fire      ###..        2%          1    None
b - Magic Dart            Conj           ###.         2%          1    None
c - Conjure Flame         Conj/Fire      ###.....     7%          3    ###....
d - Inner Flame           Hex/Fire       ##......     16%         3    ###....
e - Throw Flame           Conj/Fire      ###...       3%          2    #......

Your spell library contained the following spells:

 Spells                   Type           Power        Failure   Level  Hunger
 Fireball                 Conj/Fire      ###.......   52%         5    ######.
 Slow                     Hex            #.......     19%         2    #......
 Mephitic Cloud           Conj/Pois/Air  #.......     21%         3    ###....
 Blink                    Tloc           N/A          19%         2    #......
 Sticky Flame             Conj/Fire      ###.....     22%         4    ####...
 Call Imp                 Summ           #.......     19%         2    #......


Dungeon Overview and Level Annotations

Branches:
Dungeon (3/15)

Altars:
Kikubaaqudgha

Portals:
Sewer: D:3

Annotations:
D:3 1 transporter


Message History

The flame tongue hits the adder.
The adder is moderately wounded.
The adder bites you.
You are poisoned.
The adder poisons you! The adder bites you.
You are more poisoned.
The adder poisons you!
You feel sick. The adder barely misses you. The adder bites you.
You feel sick. The adder barely misses you.
You see here an uncursed ring of teleportation.
Casting: Flame Tongue (safe; 2% risk of failure)
Confirm with . or Enter, or press ? or * to list all spells.
Aiming: Flame Tongue (safe; 2% risk of failure)
Press: ? - help, Shift-Dir - straight line, f/p - adder
Aim: an adder (black smoke, moderately wounded)
The flame tongue misses the adder.
You feel sick. The adder bites you.
* * * LOW HITPOINT WARNING * * *
You are more poisoned.
The adder poisons you! The adder bites you.
You die...

#.# ....... #.###.#####..#
#.##..#≈≈≈#..#
####.##..#≈≈≈#..#
#.....§.§#≈∩≈#..#
#.......§#≈≈≈#..#######
#..)...§§#≈s≈#..........
#...........§§##s##.........[
#...##......§§@SS...#.#######
##+ #......§§#S§§.##.#8≈#..5
........§§#§§..##.#P.#≈≈≈≈≈
...###.#####.......#$.#..≈≈≈
.... #.# #......©#©)+..≈♣≈
..## #.#####....#..#$.#..P≈P
...........##.#P.#≈≈≈≈≈
...........##.#8≈#...5.
...........##.#########


You could see 3 adders and 2 giant cockroaches.

Vanquished Creatures
  3 gnolls (D:2)
  3 adders
  An ooze (D:1)
  A dart slug (D:3)
  A leopard gecko (D:2)
  3 giant cockroaches
  4 goblins
  7 hobgoblins
  9 jackals
  13 bats
  3 frilled lizards
  10 kobolds
  9 rats
67 creatures vanquished.

Notes
Turn   | Place    | Note
-------+----------+-------------------------------------------
     0 | D:1      | Hebeh the Deep Elf Fire Elementalist began the quest for the Orb.
     0 | D:1      | Reached XP level 1. HP: 10/10 MP: 6/6
    58 | D:1      | Reached XP level 2. HP: 15/15 MP: 5/8
  1265 | D:1      | Reached XP level 3. HP: 18/19 MP: 10/10
  1677 | D:2      | Learned a level 2 spell: Throw Flame
  1681 | D:2      | Learned a level 3 spell: Conjure Flame
  1685 | D:2      | Learned a level 3 spell: Inner Flame
  2003 | D:2      | Reached XP level 4. HP: 24/24 MP: 11/11
  2379 | D:2      | Found an ancient bone altar of Kikubaaqudgha.
  2979 | D:3      | Learned a level 1 spell: Magic Dart
  2993 | D:3      | Found a transporter.
  3342 | D:3      | Found a glowing drain.
  3374 | D:3      | Slain by an adder

Vault maps used:
D:1:      minmay_arrival_four_circles
D:2:      marbit_many_paths
D:3:      gammafunk_wand_slinger, grunt_temple_overflow_diamond,
          gup_sewer_entry_glass, nrook_mini_backslash,
          kennysheep_generic_room_16, uniq_natasha

Skill      XL: |  1  2  3  4 |
---------------+-------------+-----
Conjurations   | 2 3 |  3.8
Fire Magic     | 4 |  4.2
Spellcasting   | 4 |  4.2
Dodging        | |  2.4
Stealth        | |  2.4

Action                   |  1- 3 |  4- 6 || total
-------------------------+-------+-------++-------
Melee: Whip              |    27 |       ||    27
Throw: Stone             |    16 |       ||    16
 Cast: Flame Tongue      |    49 |    29 ||    78
       Throw Flame       |     3 |    16 ||    19
       Magic Dart        |       |    13 ||    13
       Conjure Flame     |       |     3 ||     3
       Inner Flame       |       |     1 ||     1
  Use: Scroll            |       |     4 ||     4
 Stab: Sleeping          |     6 |       ||     6
  Eat: Chunk             |     3 |     5 ||     8
Armor: Robe              |     7 |     3 ||    10
Dodge: Dodged            |    25 |     9 ||    34

Table legend:
 A = Spawn XP
 B = Non-spawn XP
 C = Spawn XP percentage of total XP
 D = Spawn monster count
 E = Non-spawn monster count
 F = Spawn count percentage of total count
 G = Total turns spent on level
                    A         B        C        D         E        F      G
               +---------+---------+-------+---------+---------+-------+---------
         Total |       0 |     188 |   0.0 |       0 |      67 |   0.0 |  3374
               +---------+---------+-------+---------+---------+-------+---------
           D:1 |       0 |      50 |   0.0 |       0 |      29 |   0.0 |  1559
           D:2 |       0 |     104 |   0.0 |       0 |      27 |   0.0 |  1390
           D:3 |       0 |      34 |   0.0 |       0 |      11 |   0.0 |   425
               +---------+---------+-------+---------+---------+-------+---------
